 Dungeon Crawl Stone Soup version 0.30.0-10-gfe55d96785 (webtiles) character file.

Game seed: 1697902990881993678

76 Mahakala the Chopper (level 4, -4/60 HPs)
             Began as a Minotaur Berserker on May 16, 2023.
             Was a Believer of Trog.
             Slain by a gnoll
             ... wielding a +0 halberd
              (10 damage)
             ... on level 2 of the Dungeon.
             The game lasted 00:04:35 (936 turns).

Mahakala the Chopper (Minotaur Berserker)            Turns: 936, Time: 00:04:36

Health: -4/60      AC:  6    Str: 21    XL:     4   Next: 12%
Magic:  3/3        EV: 10    Int:  6    God:    Trog [**....]
Gold:   27         SH:  0    Dex: 10    Spells: 3/3 levels left

rFire   . . .        a - +0 hand axe
rCold   . . .        (no shield)
rNeg    . . .        d - +0 scale mail
rPois   .            (helmet restricted)
rElec   .            (no cloak)
rCorr   .            (no gloves)
SInv    .            (no boots)
Will    .....        (no amulet) Stlth
                     (no ring)
HPRegen 0.30/turn    (no ring)
MPRegen 0.08/turn

%: no passive effects
@: berserking (expiring), very quick
A: horns 2, retaliatory headbutt
a: Renounce Religion, Berserk, Trog's Hand


You were on level 2 of the Dungeon.
You worshipped Trog.
Trog was pleased with you.
You visited 1 branch of the dungeon, and saw 2 of its levels.

You collected 27 gold pieces.

Inventory:

Hand Weapons
 a - a +0 hand axe (weapon)
Missiles
 g - 4 javelins (quivered)
Armour
 d - a +0 scale mail (worn)
Scrolls
 b - 2 scrolls of teleportation {unknown}
 c - 4 scrolls of noise {unknown}
 e - a scroll of identify {unknown}
Potions
 f - a potion of lignification {unknown}


   Skills:
 + Level 3.7 Fighting
 - Level 6.0 Axes
 + Level 2.5 Armour
 - Level 2.1 Dodging


You had 3 spell levels left.
You didn't know any spells.
Your spell library was empty.

Dungeon Overview and Level Annotations

Branches:
Dungeon (2/15)

Altars:


Innate Abilities, Weirdness & Mutations

You have a pair of horns on your head.
You reflexively headbutt those who attack you in melee.


Message History

You feel yourself moving faster!
You feel mighty! The gnoll closely misses you.
You slash the gnoll! You headbutt the gnoll.
You kill the gnoll!
Trog accepts your kill. The gnoll barely misses you. You furiously retaliate!
You headbutt the gnoll!
Things that are here:
a +0 whip; a gnoll corpse You closely miss the gnoll.
The gnoll is almost dead.
The gnoll hits you with a +0 flail.
* * * LOW HITPOINT WARNING * * *
You slash the gnoll!
You kill the gnoll!
Trog accepts your kill.
Training target 6.0 for Axes reached!
Your Axes skill increases to level 6!
You need to enable at least one skill for training.
You have reached level 4!
You feel agile.
You hit the quokka. Your headbutt misses the quokka.
The quokka is severely wounded.
The quokka bites you.
* * * LOW HITPOINT WARNING * * *
You closely miss the quokka.
The quokka is severely wounded.
The quokka bites you.
* * * LOW HITPOINT WARNING * * *
The gnoll misses you.
You slash the quokka!
You kill the quokka!
Trog accepts your kill. The gnoll hits you with a +0 flail.
* * * LOW HITPOINT WARNING * * *
The gnoll hits you with a +0 halberd!
* * * LOW HITPOINT WARNING * * *
You see here a +0 flail.
You slash the gnoll!
The gnoll is almost dead.
You hit the gnoll. The gnoll hits you with a +0 halberd!
You die...

#.# #.# ###.# #.# #######
..#.# #.# #..>..# ..#.# ###
#.# ##.....###
..#.###.###.####......'.#
..#.#.........##......#.#
..#.#.#.....#.##......#g#
....#.#.....#.##gg....#g# ...#
...)#.#.###.#.##@######.##...#
....#.#####.#.##)# #r##...#
....#.......#.##.# #g##...#
....#.........##.# #.##...#
....#.########...# ##.##...#
....#.########.#######.......#
...........<.........+.>..g..#
###.#.########.#######.......#
# #.#.# #.# #...........


You could see 2 gnolls.

Vanquished Creatures
  Robin (D:2)
  2 gnolls (D:2)
  4 endoplasms (D:1)
  11 goblins
  5 hobgoblins
  2 quokkas
  6 ball pythons
  6 bats
  A frilled lizard (D:1)
  4 kobolds
  2 rats (D:1)
44 creatures vanquished.

Notes
Turn   | Place    | Note
-------+----------+-------------------------------------------
     0 | D:1      | Mahakala the Minotaur Berserker began the quest for the
                  | Orb.
     0 | D:1      | Reached XP level 1. HP: 19/19 MP: 0/0
     1 | D:1      | Noticed an electric eel
   105 | D:1      | Reached skill level 4 in Axes
   168 | D:1      | Reached XP level 2. HP: 20/26 MP: 1/1
   479 | D:1      | Reached ** piety under Trog
   630 | D:2      | Reached skill level 5 in Axes
   671 | D:2      | Reached XP level 3. HP: 30/31 MP: 2/2
   792 | D:2      | Noticed Robin
   810 | D:2      | Killed Robin
   932 | D:2      | Reached skill level 6 in Axes
   932 | D:2      | Reached XP level 4. HP: 22/40 MP: 3/3
   936 | D:2      | Slain by a gnoll

Illustrated notes

Levels and vault maps discovered:
D:1:      arrival_aquarium_a, layout_basic, minmay_pentomino_p4
D:2:      layout_basic, hellmonk_ecumenical_altar_lost_god, grunt_ministairs_10,
          uniq_jessica, uniq_robin

Skill      XL: |  1  2  3 |
---------------+----------+-----
Axes           | 4 5 6 |  6.0
Fighting       | |  3.7
Armour         | |  2.5
Dodging        | |  2.1

Action                     |  1- 3 |  4- 6 || total
---------------------------+-------+-------++-------
  Melee: Hand axe          |    72 |     4 ||    76
         Headbutt          |     8 |       ||     8
         Punch             |     1 |       ||     1
  Throw: Javelin           |     4 |       ||     4
 Invoke: Berserk           |     2 |       ||     2
 Armour: Leather armour    |     1 |       ||     1
         Animal skin       |     1 |       ||     1
         Scale mail        |    16 |       ||    16
  Dodge: Dodged            |    44 |     1 ||    45
